Match 28803563
Unlisted

Match 28803563
End
Panzergrenadier Squad
Selects Italian Infantry
250 Light Carrier
250 Light Carrier
Construct Light Support Kompanie
Combat Half-tracks
Fire Support Elements
Tungsten Core Ammunition
Flakvierling Half-track
Selects Guastatori Squad
Assault Mechanized Group
Vehicle Survival Package
Guastatori Squad
Guastatori Squad
Construct Panzerarmee Kommand
Selects Registered Artillery
Selects Defensive Operations
Veteran Squad Leaders
Armored Reserves
Panzer IV Assault Group
Selects Territory Booby Traps
Selects Obice 305mm Barrage
2.5-tonne Medical Truck
Emergency Repair Kits
Tiger Heavy Tank
LeaveANegativeComment
XRayCat
CrackSensation
Wattism
Rekxx
gameing
Friendly Mouse(Poxie)
IM DOING MY PART
0
0

Comments sign in to comment!

No comments posted yet!